 Dungeon Crawl Stone Soup version 0.21.1-1-g345015f (webtiles) character file.

149 Mirai the Digger (level 5, -3/28 HPs)
             Began as a Gargoyle Earth Elementalist on Feb 23, 2018.
             Splashed by a jelly's acid (9 damage)
             ... on level 2 of the Dungeon.
             The game lasted 00:05:13 (1582 turns).

Mirai the Digger (Gargoyle Earth Elementalist)      Turns: 1582, Time: 00:05:14

Health: -3/28      AC:  2    Str: 11    XL:     5   Next: 31%
Magic:  9/9        EV: 12    Int: 17    God:
Gold:   57         SH:  0    Dex: 10    Spells: 6/10 levels left

rFire    . . .     SeeInvis .   i - +2 short sword (freeze)
rCold    . . .     Gourm    .   (no shield)
rNeg     + . .     Faith    .   p - +0 robe
rPois    ∞         Spirit   .   (no helmet)
rElec    +         Reflect  .   (no cloak)
rCorr    .         Harm     .   (no gloves)
MR       .....                  (no boots)
Stlth    ++........             (no amulet)
HPRegen  0.09/turn              (no ring)
MPRegen  0.11/turn              (no ring)

@: corroded
A: negative energy resistance 1, electricity resistance, unbreathing,
petrification resistance, rot immunity, AC +4
a: no special abilities


You were on level 2 of the Dungeon.
You were hungry.

You visited 1 branch of the dungeon, and saw 2 of its levels.

You collected 57 gold pieces.

Inventory:

Hand Weapons
 i - a +2 short sword of freezing (weapon)
 o - a +1 dagger of draining
Missiles
 b - 42 stones (quivered)
Armour
 c - a +0 robe
 p - a +0 robe (worn)
Scrolls
 a - a scroll of identify {unknown}
 f - a scroll of teleportation {unknown}
 k - a scroll of enchant armour {unknown}
 l - 4 scrolls of remove curse {unknown}
 n - a scroll of immolation {unknown}
Potions
 h - a potion of haste {unknown}
 j - a potion of ambrosia {unknown}
 m - a potion of cancellation {unknown}
 q - a potion of degeneration {unknown}
Books
 e - a book of Geomancy

   Spells                             Type                      Level
   a - Sandblast                      Earth                        1
   b - Passwall                       Transmutation/Earth          2
   c - Stone Arrow                    Conjuration/Earth            3
   d - Petrify                        Transmutation/Earth          4
   e - Lee's Rapid Deconstruction     Earth                        5
Comestibles
 d - 3 rations
 g - 3 chunks of flesh


   Skills:
 + Level 0.6 Fighting
 - Level 1.5 Dodging
 - Level 2.1 Stealth
 + Level 3.2 Spellcasting
 * Level 1.6 Conjurations
   Level 0.7 Transmutations
 + Level 5.5 Earth Magic


You had 6 spell levels left.
You knew the following spells:

 Your Spells              Type           Power        Failure   Level  Hunger
a - Sandblast             Erth           ###...       1%          1    None
b - Stone Arrow           Conj/Erth      ##....       12%         3    ###....


Dungeon Overview and Level Annotations

Branches:
Dungeon (2/15)

Altars:
Elyvilon
Hepliaklqana


Innate Abilities, Weirdness & Mutations

You are resistant to torment.
Your stone body is resilient. (AC +4)
You are immune to poison.
You resist negative energy. (rN+)
You are resistant to electric shocks. (rElec)
You can survive without breathing.
You are immune to petrification.
You are immune to rotting.


Message History

You hit the ooze. You freeze the ooze.
The ooze is moderately wounded.
The ooze hits you.
You hit the ooze. You freeze the ooze.
The ooze is heavily wounded.
The ooze hits you but does no damage. x2
You hit the ooze. You freeze the ooze.
The ooze is severely wounded.
The ooze hits you but does no damage. The ooze completely misses you.
The ooze closely misses you.
You hit the ooze. You freeze the ooze.
You kill the ooze!
The ooze hits you.
* * * LOW HITPOINT WARNING * * *
The ooze hits you but does no damage. The jelly hits you but does no damage.
The jelly hits you.
* * * LOW HITPOINT WARNING * * *
The acid corrodes you!
You are splashed with acid!
The acid burns!
You die...

..###.......##.#
.#. #.......##.# .
#
#.......##.###.###
#.......##...#....
#....#######.#####
#....'..## #.#
########(# #.#
##..)...## #.#
##@#######
##.#####
#.JJ.....÷
#.......
#.J.....÷.
##.[####
#.÷.....P. ##.#
#÷÷....... #.#
#.......P. #.#
#.....÷..$ #.#
########## #.#
##.##


You could see 2 jellies and an ooze.

Vanquished Creatures
  A jelly (D:2)
  3 adders (D:2)
  8 oozes
  A worm (D:2)
  3 giant cockroaches (D:1)
  5 goblins
  10 hobgoblins
  2 jackals (D:1)
  9 bats
  3 frilled lizards (D:1)
  11 kobolds
  4 rats
60 creatures vanquished.

Vanquished Creatures (others)
  2 fungi (D:2)
  9 toadstools (D:2)
11 creatures vanquished.

Grand Total: 71 creatures vanquished

Notes
Turn   | Place    | Note
-------+----------+-------------------------------------------
     0 | D:1      | Mirai the Gargoyle Earth Elementalist began the quest for the Orb.
     0 | D:1      | Reached XP level 1. HP: 10/10 MP: 3/3
     6 | D:1      | Reached skill level 4 in Earth Magic
    55 | D:1      | Reached XP level 2. HP: 15/15 MP: 1/5
   481 | D:1      | Reached XP level 3. HP: 19/19 MP: 3/6
   878 | D:1      | Learned a level 3 spell: Stone Arrow
   952 | D:2      | Found a hazy altar of Hepliaklqana.
  1031 | D:2      | Reached skill level 5 in Earth Magic
  1031 | D:2      | Reached XP level 4. HP: 24/24 MP: 4/8
  1080 | D:2      | Found a white marble altar of Elyvilon.
  1367 | D:2      | Reached skill level 1 in Conjurations
  1572 | D:2      | Reached XP level 5. HP: 13/28 MP: 9/9
  1582 | D:2      | Splashed by a jelly's acid

Skill      XL: |  1  2  3  4 |
---------------+-------------+-----
Earth Magic    | 4 5 |  5.5
Conjurations   | 1 |  1.6
Spellcasting   | 3 |  3.2
Fighting       | |  0.6
Dodging        | |  1.5
Stealth        | |  2.1
Transmutations | |  0.7

Action                   |  1- 3 |  4- 6 || total
-------------------------+-------+-------++-------
Melee: Short sword       |    41 |    69 ||   110
       Unarmed           |     4 |       ||     4
 Cast: Sandblast         |    32 |     7 ||    39
 Stab: Sleeping          |     4 |     1 ||     5
  Eat: Chunk             |     1 |     1 ||     2
Armor: Robe              |    27 |    24 ||    51
Dodge: Dodged            |    62 |    36 ||    98
